 Dungeon Crawl Stone Soup version 0.29-a0-25-g7f48f510a0 (webtiles) character file.

Game seed: 14231042665991689767

14417 miscthings the Thaumaturge (level 12, -20/82 HPs)
             Began as a Djinni Conjurer on Feb 1, 2022.
             Was a Priest of Makhleb.
             Demolished by a boulder beetle (52 damage)
             ... on level 1 of the Orcish Mines.
             The game lasted 00:22:41 (10166 turns).

miscthings the Thaumaturge (Djinni Conjurer)       Turns: 10166, Time: 00:22:42

Health: -20/82     AC:  9    Str:  6    XL:     12   Next: 44%
Gold:   629        EV: 17    Int: 23    God:    Makhleb [***...] SH:  0 Dex: 20

rFire   + + +      SeeInvis .   N - +6 long sword "Divab" {protect, rElec rF+}
rCold   x . .      Faith    .   (no shield)
rNeg    . . .      Spirit   .   u - +0 steam dragon scales
rPois   ∞          Reflect  .   (no helmet)
rElec   +          Harm     .   S - +2 cloak
rCorr   .          Rampage  .   (no gloves)
Will    ++...                   (boots unavailable)
Stlth   ++........              (no amulet)
HPRegen 0.23/turn               k - ring of willpower
MPRegen 0.00/turn               Q - +6 ring of dexterity

@: flying
A: sickness immunity, fire resistance 2, cold vulnerability 1, float, innate
caster, HP casting, extra vitality 1
a: Renounce Religion, Minor Destruction, Lesser Servant of Makhleb


You were on level 1 of the Orcish Mines.
You worshipped Makhleb.
Makhleb was most pleased with you.
You visited 3 branches of the dungeon, and saw 11 of its levels.
You also visited: Sewer.

You collected 629 gold pieces.

Inventory:

Hand Weapons
 N - the +6 long sword "Divab" (weapon) {protect, rElec rF+}
   (You took it off an orc on level 7 of the Dungeon)

   It grants its wielder temporary protection when it strikes (+7 to AC).
   rF:        It protects you from fire.
   rElec:     It insulates you from electricity.
Missiles
 d - 7 throwing nets
Armour
 n - an orb of light
 u - +0 steam dragon scales (worn)
 G - a +0 scale mail of willpower
 H - +0 acid dragon scales
 S - a +2 cloak (worn)
Magical Staves
 P - a staff of air
Jewellery
 b - an amulet of faith
 k - a ring of willpower (left hand)
 o - a ring of protection from fire
 J - a ring of ice
 Q - a +6 ring of dexterity (right hand)
Wands
 f - a wand of mindburst (18)
 r - a wand of charming (14)
 A - a wand of paralysis (6)
 D - a wand of flame (50)
 I - a wand of polymorph (1)
 M - a wand of iceblast (9)
Scrolls
 a - a scroll of noise {unknown}
 e - a scroll of enchant armour {unknown}
 h - 3 scrolls of magic mapping
 j - a scroll of brand weapon {unknown}
 m - 4 scrolls of immolation
 q - a scroll of torment
 s - 2 scrolls of amnesia {unknown}
 w - a scroll of summoning {unknown}
 x - 2 scrolls of fog
 y - 5 scrolls of teleportation
 z - a scroll of enchant weapon {unknown}
 F - a scroll of fear {unknown}
 K - a scroll of holy word {unknown}
 O - a scroll of blinking {unknown}
 R - 2 scrolls of vulnerability {unknown}
Potions
 c - 3 potions of curing
 g - 3 potions of attraction
 i - 4 potions of haste
 l - 2 potions of brilliance
 t - a potion of resistance
 v - a potion of cancellation
 B - a potion of berserk rage {unknown}
 E - a potion of might
 L - a potion of mutation {unknown}
Miscellaneous
 C - a phantom mirror


   Skills:
 + Level 5.9 Fighting
 - Level 5.0 Armour
 + Level 7.1 Dodging
 - Level 1.5 Stealth
 + Level 12.3 Spellcasting
 + Level 6.0 Evocations


You had 6 spell levels left.
You knew the following spells:

 Your Spells              Type           Power      Damage    Failure   Level
a - Searing Ray           Conj           100%       2d8       1%          2
b - Magic Dart            Conj           100%       1d8       1%          1
c - Dazzling Flash        Conj/Hex       100%       N/A       1%          3
d - Fulminant Prism       Conj/Hex       31%        3d16      1%          4
e - Iskenderun's Mystic   Conj/Tloc      63%        2d13      1%          4
f - Sting                 Tmut/Pois      100%       1d8       1%          1
g - Blink                 Tloc           100%       N/A       1%          2
i - Leda's Liquefaction   Hex/Erth       31%        N/A       1%          4
x - Ozocubu's Armour      Ice            63%        N/A       1%          3
z - Freezing Cloud        Conj/Ice/Air   31%        6-21      1%          5
Your spell library was empty.

Dungeon Overview and Level Annotations

Branches:
Dungeon (9/15)             Temple (1/1) D:5            Lair (0/6) D:9
    Orc (1/2) D:9           Sewer (visited)

Altars:
Cheibriados
Dithmenos
Elyvilon
Gozag
Hepliaklqana
Kikubaaqudgha
Makhleb
Nemelex Xobeh
Qazlal
Sif Muna
Uskayaw
Xom
Yredelemnul
Zin
The Shining One
Jiyva

Shops:
D:6 (


Innate Abilities, Weirdness & Mutations

You are immune to sickness and miasma.
You are immune to poison.
Your flesh is very heat resistant. (rF++)
You are vulnerable to cold. (rC-)
You float through the air rather than walking.
You learn spells naturally, not from books.
Your magical power is your life essence.
You have superior vitality. (+4 MHP)


Message History

An ogre comes into view. It is wielding a +0 giant spiked club.
The orc shoots a stone.
The stone completely misses you.
The orc shoots a stone.
The stone hits you but does no damage.
An orc comes into view. It is wielding a +0 hunting sling.
The orc shoots a stone.
The stone hits you.
The orc shoots a stone.
The stone hits you but does no damage.
Things that are here:
a +0 dagger; a +0 robe; an orc corpse The orc shoots a stone.
The stone hits you but does no damage.
Casting: Iskenderun's Mystic Blast (safe; 1% risk of failure)
Confirm with . or Enter, or press ? or * to list all spells.
You erupt in a blast of force!
The mystic blast hits the orc!
You kill the orc!
Makhleb accepts your kill.
The mystic blast hits the ogre.
The ogre is moderately wounded.
The mystic blast hits the orc warrior!
The orc warrior is almost dead.
The orc warrior is knocked back by the mystic blast.
The orc warrior collides with the orc!
You kill the orc!
Makhleb accepts your kill.
You feel better.
You kill the orc warrior!
Makhleb accepts your kill.
You feel better.
The boulder beetle curls into a ball and begins rolling!
Aiming: Fulminant Prism (safe; 1% risk of failure)
Press: ? - help, Q - select action, (/) - cycle Dir - move target, f - orc
Aim: an orc, wielding a +0 hunting sling and quivering stones
Okay, then.
The orc shoots a stone.
The stone misses you.
The orc shoots a stone.
The stone misses you.
Okay, then.
Okay, then.
Okay, then.
The orc shoots a stone.
The stone barely misses you. The boulder beetle hits you!!!
Ouch! That really hurt!
You die...

## .### ## ...##
#.## ...##...#
#..#.....
#........ ##..#
. ####○O@#.##
#####.#°.B....#
##.##.).°$....##
#......).>...##
##..))))).o.$.#
#...)).).....##
##$..$..$....#
###.........#
....$......#


You could see a boulder beetle (rolling), an ogre and an orc.

Vanquished Creatures
  Harold (D:7)
  Erica (D:9)
  A two-headed ogre (D:8)
  A death knight (D:9)
  The ghost of IdlyInterested the Sneak, a novice DsFi of Dithmenos (D:7)
  Pikel (D:4)
  An orc sorcerer (Orc:1)
  A gargoyle (D:6)
  2 kobold demonologists (D:7)
  A troll (D:7)
  4 slime creatures (D:8)
  A meliai zombie (D:5)
  Sigmund (D:4)
  3 wyverns
  A wraith (D:7)
  12 yaks (D:9)
  3 steam dragons
  Edmund (D:5)
  3 wargs
  An acid dragon (D:9)
  4 water moccasins
  Duvessa (D:6)
  Pargi (D:4)
  9 orc warriors
  2 hornet zombies
  3 black bears
  4 ice beasts
  3 sky beasts
  4 ogres
  4 centaurs
  A necrophage (D:8)
  The ghost of Cecur the Cutter, an amateur DsGl (D:3)
  3 lemures (D:4)
  A phantom (D:4)
  A kobold brigand (D:3)
  4 bullfrogs
  A wyvern zombie (D:7)
  A scorpion (D:7)
  A water moccasin zombie (D:6)
  Dowan (D:6)
  A wight (D:7)
  3 centaur zombies
  2 hounds
  2 bullfrog zombies
  Crazy Yiuf (D:3)
  9 orc priests
  A jelly (D:7)
  An iguana (D:5)
  9 orc wizards
  A killer bee zombie (D:7)
  A hound skeleton (D:4)
  A mummy (D:7)
  2 howler monkey zombies
  A gnoll (D:2)
  7 adders
  A howler monkey skeleton (D:7)
  6 shadow imps
  2 white imps
  An ufetubus (D:6)
  2 worms
  2 dart slugs
  33 orcs
  10 ball pythons
  7 bats
  13 endoplasms
  4 giant cockroaches
  7 hobgoblins
  10 jackals
  3 kobolds
  5 quokkas
  2 frilled lizards
  8 goblins
  A goblin zombie (D:7)
  A kobold zombie (D:7)
  3 rats
  A fulminant prism (D:6)
255 creatures vanquished.

Vanquished Creatures (others)
  74 fulminant prisms
  A plant (D:7)
75 creatures vanquished.

Grand Total: 330 creatures vanquished

Notes
Turn   | Place    | Note
-------+----------+-------------------------------------------
     0 | D:1      | miscthings the Djinni Conjurer began the quest for the Orb.
     0 | D:1      | Reached XP level 1. HP: 15/15 MP: 0/0
   120 | D:1      | Reached XP level 2. HP: 14/21 MP: 0/0
   292 | D:1      | Reached XP level 3. HP: 6/25 MP: 0/0
   292 | D:1      | Learned a level 1 spell: Sting
   623 | D:1      | Reached skill level 4 in Spellcasting
  1107 | D:2      | Reached XP level 4. HP: 16/31 MP: 0/0
  2014 | D:3      | Reached XP level 5. HP: 24/35 MP: 0/0
  2014 | D:3      | Learned a level 2 spell: Blink
  2456 | D:3      | Reached skill level 5 in Spellcasting
  2478 | D:3      | Found a runed translucent door.
  2481 | D:3      | Noticed Cecur's ghost (amateur DsGl)
  2625 | D:3      | Noticed a kobold brigand
  2632 | D:3      | Killed a kobold brigand
  2633 | D:3      | Reached XP level 6. HP: 28/40 MP: 0/0
  2753 | D:3      | Found a runed translucent door.
  2754 | D:3      | Noticed Crazy Yiuf
  2761 | D:3      | Killed Crazy Yiuf
  2830 | D:3      | Killed Cecur's ghost
  2831 | D:3      | Reached skill level 6 in Spellcasting
  3020 | D:4      | Reached XP level 7. HP: 26/45 MP: 0/0
  3020 | D:4      | Learned a level 3 spell: Ozocubu's Armour
  3369 | D:4      | Noticed Pikel
  3376 | D:4      | Killed Pikel
  3377 | D:4      | Reached skill level 7 in Spellcasting
  3377 | D:4      | Reached XP level 8. HP: 41/50 MP: 0/0
  3598 | D:4      | Noticed Sigmund
  3603 | D:4      | Killed Sigmund
  3604 | D:4      | Reached skill level 8 in Spellcasting
  3638 | D:4      | Noticed Pargi
  3645 | D:4      | Killed Pargi
  3837 | D:5      | Entered Level 5 of the Dungeon
  4232 | D:5      | Reached XP level 9. HP: 44/55 MP: 0/0
  4232 | D:5      | Learned a level 4 spell: Leda's Liquefaction
  4234 | D:5      | Reached skill level 9 in Spellcasting
  4914 | D:5      | Reached skill level 10 in Spellcasting
  5063 | D:5      | Found a staircase to the Ecumenical Temple.
  5198 | Temple   | Entered the Ecumenical Temple
  5360 | Temple   | Became a worshipper of Makhleb the Destroyer
  5393 | D:6      | Noticed a gargoyle
  5400 | D:6      | Killed a gargoyle
  5519 | D:6      | Noticed Dowan
  5519 | D:6      | Noticed Duvessa
  5522 | D:6      | Killed Dowan
  5523 | D:6      | Reached XP level 10. HP: 53/60 MP: 0/0
  5525 | D:6      | Killed Duvessa
  5563 | D:6      | Reached skill level 11 in Spellcasting
  5633 | D:5      | Noticed Edmund
  5647 | D:5      | Killed Edmund
  5727 | D:6      | Found a glowing drain.
  5817 | Sewer    | Entered a sewer
  6257 | D:6      | Found Nathryod's Firing Range.
  6573 | D:7      | Noticed Harold
  6585 | D:7      | Killed Harold
  6586 | D:7      | Reached skill level 1 in Fighting
  6586 | D:7      | Reached skill level 1 in Armour
  6586 | D:7      | Reached skill level 1 in Evocations
  6589 | D:7      | Found a transporter.
  6627 | D:7      | Identified the +6 long sword "Divab" {protect, rElec rF+}
  6633 | D:7      | Noticed IdlyInterested's ghost (novice DsFi)
  6671 | D:7      | Found a transporter.
  6675 | D:7      | You are sucked into a shaft and drop 2 floors!
  6726 | D:9      | Noticed Erica
  6743 | D:9      | Killed Erica
  6744 | D:9      | Reached XP level 11. HP: 30/70 MP: 0/0
  6744 | D:9      | Learned a level 5 spell: Freezing Cloud
  6804 | D:9      | Reached * piety under Makhleb
  7142 | D:9      | Found a staircase to the Orcish Mines.
  7226 | D:9      | Reached skill level 5 in Dodging
  7559 | D:8      | Noticed a two-headed ogre
  7567 | D:8      | Killed a two-headed ogre
  7579 | D:8      | Reached skill level 12 in Spellcasting
  7787 | D:7      | Reached ** piety under Makhleb
  8308 | D:7      | Found a transporter.
  8319 | D:7      | Found a transporter.
  8962 | D:7      | Killed IdlyInterested's ghost
  8963 | D:7      | Reached skill level 5 in Armour
  8963 | D:7      | Reached skill level 5 in Evocations
  8963 | D:7      | Reached XP level 12. HP: 78/80 MP: 0/0
  8964 | D:7      | Reached skill level 5 in Fighting
  9040 | D:8      | Found a transporter.
  9041 | D:8      | Found a viscous altar of Jiyva.
  9355 | D:8      | Found a transporter.
  9378 | D:8      | Reached *** piety under Makhleb
  9519 | D:9      | Found a staircase to the Lair.
  9631 | D:9      | Noticed a death knight
  9644 | D:9      | Killed a death knight
 10137 | Orc:1    | Entered Level 1 of the Orcish Mines
 10157 | Orc:1    | Noticed a boulder beetle
 10166 | Orc:1    | Demolished by a boulder beetle

Illustrated notes

Levels and vault maps discovered:
D:1:      lemuel_arrival_behind_the_door_large, layout_rooms,
          minmay_misc_feat_ornament, minmay_tetromino_t4
D:2:      minmay_razor_zed, layout_basic
D:3:      layout_rooms, ebering_ghost_sewer_d, uniq_crazy_yiuf_cottage
D:4:      layout_cave_pools, minmay_cut_off, uniq_pargi, uniq_sigmund,
          uniq_pikel
D:5:      layout_basic, minmay_temple_entry_poolview, uniq_edmund
D:6:      layout_loops_ring, cheibrodos_sewer_entry_drain,
          nicolae_shop_firing_range, uniq_duvessa
D:7:      gammafunk_wand_slinger, layout_gridville, general_overflow_altar,
          nicolae_ossuary_entry_giza, nzn_ghost_randoct, uniq_harold
D:8:      gammafunk_jiyva_shrine, layout_basic, interstate_on_off
D:9:      layout_roguey, lair_entry_dummy, david_orc_3,
          hangedman_abyss_or_decor_stabs, kennysheep_decorative_pillar,
          uniq_erica
Temple:   roderic_octagonal_lattice_temple
Orc:1:    layout_caves, rock_pile

Skill      XL: |  1  2  3  4  5  6  7  8  9 10 11 12 |
---------------+-------------------------------------+-----
Spellcasting   | 4 5 6 7 8 10 11 12 | 12.3
Fighting       | 2 4 5 |  5.9
Armour         | 2 5 |  5.0
Dodging        | 3 6 7 |  7.1
Evocations     | 2 5 6 |  6.0
Stealth        | |  1.5

Action                   |  1- 3 |  4- 6 |  7- 9 | 10-12 || total
-------------------------+-------+-------+-------+-------++-------
Melee: Unarmed           |       |     1 |       |       ||     1
 Cast: Magic Dart        |    23 |     2 |     4 |       ||    29
       Searing Ray       |    18 |    36 |    30 |    35 ||   119
       Iskenderun's Myst |       |     2 |     9 |    54 ||    65
       Fulminant Prism   |       |     1 |    17 |    57 ||    75
       Ozocubu's Armour  |       |       |       |     5 ||     5
       Freezing Cloud    |       |       |       |     7 ||     7
Evoke: Wand              |       |     1 |       |     8 ||     9
  Use: Scroll            |       |     6 |     1 |     7 ||    14
       Potion            |       |       |       |     2 ||     2
Armor: Robe              |     3 |     2 |     5 |       ||    10
       Steam dragon scal |       |       |     1 |    20 ||    21
Dodge: Dodged            |     7 |    15 |    18 |    40 ||    80

Table legend: (Time is in decaauts)
 A = Elapsed time spent in this place.
 B = Non-inter-level travel time spent in this place.
 C = Inter-level travel time spent in this place.
 D = Time resting spent in this place.
 E = Time spent auto-exploring this place.
 F = Levels seen in this place.
 G = Mean time per level.
                   A        B        C        D        E       F      G
               +--------+--------+--------+--------+--------+-----+--------+
         Total |  10169 |   9624 |    545 |   3219 |   4619 |  12 |  847.4 |
       Dungeon |   9708 |   9179 |    529 |   3074 |   4409 |   9 | 1078.7 |
        Temple |    177 |    163 |     14 |      0 |    145 |   1 |  177.0 |
  Orcish Mines |     28 |     28 |      0 |      0 |      0 |   1 |   28.0 |
         Sewer |    254 |    254 |      0 |    145 |     65 |   1 |  254.0 |
               +--------+--------+--------+--------+--------+-----+--------+

Top non-repeatable levels by time:
     D:2: 1519 daAuts
     D:9: 1488 daAuts
     D:7: 1454 daAuts
     D:5: 1262 daAuts
     D:4: 921 daAuts
     D:1: 898 daAuts
     D:6: 750 daAuts
     D:3: 710 daAuts
     D:8: 702 daAuts
   Sewer: 254 daAuts
  Temple: 177 daAuts
   Orc:1: 28 daAuts
